 Dungeon Crawl Stone Soup version 0.31-a0-960-g0fca184906 (webtiles) character file.

Game seed: 17640864327041764562

52 Azuregosa the Covert (level 3, -10/26 HPs)
             Began as an Octopode Delver on Oct 22, 2023.
             Was an Initiate of Ashenzari.
             Mangled by a gnoll
             ... wielding a +0 flail
              (12 damage)
             ... on level 4 of the Dungeon.
             The game lasted 00:03:20 (747 turns).

Azuregosa the Covert (Octopode Delver)               Turns: 747, Time: 00:03:20

Health: -10/26     AC:  1    Str: 11    XL:     3   Next: 85%
Magic:  3/3        EV: 13    Int: 12    God:    Ashenzari [......]
Gold:   29         SH:  0    Dex: 15    Spells: 2/2 levels left

rFire   . . .        a - +0 hand axe
rCold   . . .        (no shield)
rNeg    . . .        (helmet restricted)
rPois   .            (no amulet)
rElec   .            (no ring)
rCorr   .            (no ring)
SInv    .            (no ring)
Will    .....        (no ring)
Stlth   +++++        (no ring)
HPRegen 0.24/turn    (no ring)
MPRegen 0.08/turn    (no ring)
                     (no ring)

%: no passive effects
@: no status effects
A: almost no armour, amphibious, 8 rings, camouflage 1, gelatinous body 1,
(nimble swimmer 1), tentacles
a: Renounce Religion


You were on level 4 of the Dungeon.
You worshipped Ashenzari.
Ashenzari was noncommittal.
You visited 2 branches of the dungeon, and saw 3 of its levels.

You collected 29 gold pieces.

Inventory:

Hand Weapons
 a - a +0 hand axe (weapon)
Missiles
 j - 10 stones
Wands
 f - a wand of digging (3)
 h - a wand of roots (10)
Scrolls
 b - a scroll of fog
 d - a scroll of fear
 g - a scroll of teleportation {unknown}
 i - a scroll of immolation {unknown}
Potions
 c - a potion of curing {unknown}
 e - a potion of haste


   Skills:
 - Level 3.0 Fighting
 - Level 2.0 Axes
 - Level 2.0 Dodging
 + Level 8.4 Stealth


You had 2 spell levels left.
You didn't know any spells.
Your spell library contained the following spells:

 Spells                   Type           Power      Damage    Failure   Level
 Kiss of Death            Conj/Necr      0%         2d5       32%         1
 Confusing Touch          Hex            0%         N/A       69%         3
 Dispel Undead            Necr           0%         3d6       97%         4


Dungeon Overview and Level Annotations

Branches:
Dungeon (5/15)             Temple (1/1) D:4

Altars:
Ashenzari
Makhleb
Nemelex Xobeh
Okawaru
Qazlal
Xom
Yredelemnul
Zin


Innate Abilities, Weirdness & Mutations

You cannot wear most types of armour.
You are amphibious.
You can wear up to eight rings at the same time.
Your skin changes colour to match your surroundings (Stealth+).
Your rubbery body absorbs attacks. (AC +1, EV +1)
((You are camouflaged when in or above water. (Stealth+)))
You have tentacles for arms and can constrict up to eight enemies at once.


Message History

You hit the ball python.
You kill the ball python!
You hit the kobold but do no damage. The kobold closely misses you.
The kobold hits you with a +0 whip.
You hit the kobold.
You kill the kobold!
j - 10 stones (gained 4)
You see here a +0 whip.
You start resting.
HP restored.
You see here a staff of earth.
A kobold comes into view. It is wielding a +4 dagger.
A gnoll comes into view. It is wielding a +0 flail.
The gnoll shouts!
You hear a shout!
A gnoll comes into view. It is wielding a +0 spear.
A gnoll comes into view. It is wielding a +0 spear.
You hit the kobold.
You kill the kobold!
You closely miss the gnoll. You grab the gnoll.
You constrict the gnoll, but do no damage.
The gnoll barely misses you.
You hit the gnoll but do no damage. You squeeze the gnoll.
The gnoll is lightly wounded.
You constrict the gnoll, but do no damage.
The gnoll hits you from afar with a +0 spear.
The gnoll barely misses you.
A gnoll comes into view. It is wielding a +0 club.
The iguana hisses angrily.
The gnoll shouts! x2
You hit the gnoll.
The gnoll is heavily wounded.
You constrict the gnoll. The gnoll closely misses you.
The gnoll hits you with a +0 flail!
Ouch! That really hurt!
The gnoll hits you with a +0 flail!
* * * LOW HITPOINT WARNING * * *
The gnoll barely misses you.
You completely miss the gnoll.
The gnoll is severely wounded.
You constrict the gnoll. The gnoll hits you with a +0 flail!
You die...

##.##..#
#......#
#..###.# #..#
#.# #..###.#
#......#
#.######
#.########♣.♣.
#.....@ggg.gl⌠
##########♣.♣.


You could see an iguana and 4 gnolls.

Vanquished Creatures
  A hound (D:4)
  An adder (D:5)
  3 dart slugs (D:4)
  An endoplasm (D:4)
  A quokka (D:4)
  A ball python (D:4)
  2 kobolds (D:4)
10 creatures vanquished.

Notes
Turn   | Place    | Note
-------+----------+-------------------------------------------
     0 | D:5      | Azuregosa the Octopode Delver began the quest for the Orb.
     0 | D:5      | Reached XP level 1. HP: 16/16 MP: 1/1
    18 | D:5      | Reached skill level 7 in Stealth
    18 | D:5      | Reached XP level 2. HP: 4/21 MP: 2/2
    20 | D:5      | HP: 1/21 [poisoned by an adder]
   200 | D:4      | Found a staircase to the Ecumenical Temple.
   209 | Temple   | Entered the Ecumenical Temple
   226 | Temple   | Became a worshipper of Ashenzari the Shackled
   480 | D:4      | Reached skill level 8 in Stealth
   480 | D:4      | Reached XP level 3. HP: 6/26 MP: 3/3
   746 | D:4      | HP: 1/26 [gnoll/+0 flail (8)]
   747 | D:4      | Mangled by a gnoll

Illustrated notes

Levels and vault maps discovered:
D:4:      layout_loops_corners, fedhas_altar_fruit_tree,
          lemuel_temple_firewalk_b, serial_shops, shop, kennysheep_crisscross,
          st_stairs_11
D:5:      layout_loops_ring, mainiacjoe_overflow_concentric_impassable
Temple:   nicolae_temple_ecumenical_triangle

Skill      XL: |  1  2 |
---------------+-------+-----
Stealth        | 7 8 |  8.4
Fighting       | |  3.0
Axes           | |  2.0
Dodging        | |  2.0

Action                     || total
---------------------------++-------
  Melee: Hand axe          ||    29
         Constrict         ||     6
         Tentacles         ||     5
    Use: Scroll            ||     1
   Stab: Sleeping          ||     3
 Armour: Skin              ||    20
  Dodge: Dodged            ||    18

Table legend: (Time is in decaauts)
 A = Elapsed time spent in this place.
 B = Non-inter-level travel time spent in this place.
 C = Inter-level travel time spent in this place.
 D = Time resting spent in this place.
 E = Time spent auto-exploring this place.
 F = Levels seen in this place.
 G = Mean time per level.
                   A        B        C        D        E       F      G
               +--------+--------+--------+--------+--------+-----+--------+
         Total |    752 |    752 |      0 |    312 |    180 |   3 |  250.7 |
       Dungeon |    718 |    718 |      0 |    312 |    180 |   2 |  359.0 |
        Temple |     34 |     34 |      0 |      0 |      0 |   1 |   34.0 |
               +--------+--------+--------+--------+--------+-----+--------+

Top non-repeatable levels by time:
     D:4: 501 daAuts
     D:5: 216 daAuts
  Temple: 34 daAuts
